 Dungeon Crawl Stone Soup version 0.31-a0-1-g4198be8af4 (webtiles) character file.

Game seed: 4925058903727392531

133 qeuew the Sneak (level 4, -2/23 HPs)
             Began as a Spriggan Brigand on May 1, 2023.
             Slain by an iguana (8 damage)
             ... on level 4 of the Dungeon.
             The game lasted 00:04:22 (2799 turns).

qeuew the Sneak (Spriggan Brigand)                  Turns: 2799, Time: 00:04:22

Health: -2/23      AC:  3    Str:  7    XL:     4   Next: 93%
Magic:  5/5        EV: 17    Int: 12    God:
Gold:   1185       SH:  0    Dex: 18    Spells: 3/3 levels left

rFire   . . .        a - +2 dagger
rCold   . . .        (no shield)
rNeg    . . .        b - +0 robe
rPois   .            (helmet restricted)
rElec   .            c - +0 cloak
rCorr   .            (gloves unavailable)
SInv    +            (boots unavailable)
Will    .....        (no amulet)
Stlth   ++++         j - ring of flight
HPRegen 0.23/turn    (no ring)
MPRegen 0.09/turn

%: no passive effects
@: flying, very quick
A: very small, no large weapons, unfitting armour, see invisible, speed 3
a: no special abilities


You were on level 4 of the Dungeon.
You visited 1 branch of the dungeon, and saw 4 of its levels.

You collected 1185 gold pieces.

Inventory:

Hand Weapons
 a - a +2 dagger (weapon)
Missiles
 d - 6 poisoned darts (quivered)
Armour
 b - a +0 robe (worn)
 c - a +0 cloak (worn)
Jewellery
 j - a ring of flight (left hand)
Wands
 i - a wand of charming (11)
Scrolls
 k - a scroll of fear
 m - 5 scrolls of teleportation
 n - a scroll of enchant weapon {unknown}
Potions
 f - 2 potions of curing
 g - 2 potions of heal wounds
 h - a potion of mutation
 l - a potion of might {unknown}


   Skills:
 + Level 2.1 Fighting
 * Level 3.5 Short Blades
 + Level 2.6 Throwing
 + Level 2.5 Dodging
 * Level 7.1 Stealth


You had 3 spell levels left.
You didn't know any spells.
Your spell library contained the following spells:

 Spells                   Type           Power      Damage    Failure   Level
 Anguish                  Hex/Necr       0%         N/A       97%         4
 Enfeeble                 Hex            0%         N/A       100%        7


Dungeon Overview and Level Annotations

Branches:
Dungeon (4/15)
 Temple: D:4-7

Altars:
Dithmenos
Sif Muna

Shops:
D:1 =

Annotations:
D:3 3 runed translucent doors, hgbash's ghost, amateur GrEE


Innate Abilities, Weirdness & Mutations

You are very small and have problems with some larger weapons.
You are too small for most types of armour.
You have supernaturally acute eyesight. (SInv)
You cover ground extremely quickly. (Speed+++)


Message History

The iguana barely misses you.
A giant cockroach comes into view.
Throw: 7 darts (poison)
Press: ? - help, Q - select action, (/) - cycle Shift-Dir - straight line, f/p - ogre
Aim: an ogre, wielding a +0 giant spiked club (77% to hit)
You throw a poisoned dart. The poisoned dart hits the ogre!
The ogre is poisoned.
Unknown command.
Throw: dart (curare)
Press: ? - help, Q - select action, (/) - cycle Shift-Dir - straight line, f/p - ogre
Aim: an ogre, wielding a +0 giant spiked club (lightly wounded, very poisoned, 77% to hit)
You throw a curare-tipped dart. The curare-tipped dart hits the ogre.
The ogre looks as sick as possible!
The ogre convulses.
The ogre seems to slow down.
The ogre is moderately wounded.
The helpless giant cockroach fails to defend itself.
You spit the giant cockroach like a pig!!!
You kill the giant cockroach!
You hit the iguana.
The iguana is lightly wounded.
You hit the iguana but do no damage.
The iguana is lightly wounded.
The iguana bites you!
You hit the iguana but do no damage.
The iguana is lightly wounded.
The iguana barely misses you.
You hit the iguana but do no damage.
The iguana is lightly wounded.
The iguana closely misses you.
You hit the ogre.
The ogre is almost dead.
The iguana bites you!
* * * LOW HITPOINT WARNING * * *
You barely miss the ogre.
The ogre is almost dead.
The ogre barely misses you.
You hit the ogre.
You kill the ogre!
The iguana bites you!
You die...

..........#####.........##
.........(..##...........#
###.........##............
#.........##............
#........###......##...#
#.....................##
##..............†....##
#.....l)............#
#.....@........######
#..............
######......... #.........
######.... ##.


You could see an iguana.

Vanquished Creatures
  An ogre (D:4)
  4 gnolls (D:2)
  2 adders
  3 dart slugs
  An orc (D:3)
  2 ball pythons (D:1)
  9 endoplasms
  5 giant cockroaches
  5 goblins
  7 hobgoblins
  5 jackals
  5 kobolds
  2 quokkas
  6 bats
  2 frilled lizards (D:3)
  6 rats
65 creatures vanquished.

Notes
Turn   | Place    | Note
-------+----------+-------------------------------------------
     0 | D:1      | qeuew the Spriggan Brigand began the quest for the Orb.
     0 | D:1      | Reached XP level 1. HP: 10/10 MP: 2/2
    58 | D:1      | Reached skill level 6 in Stealth
   132 | D:1      | Reached XP level 2. HP: 15/15 MP: 3/3
   379 | D:1      | Found Rananleu's Jewellery Shoppe.
   710 | D:1      | Reached XP level 3. HP: 14/18 MP: 4/4
  1136 | D:2      | Reached XP level 4. HP: 6/23 MP: 5/5
  1965 | D:3      | Reached skill level 7 in Stealth
  2132 | D:3      | Found a shimmering blue altar of Sif Muna.
  2139 | D:3      | Found a shadowy altar of Dithmenos.
  2156 | D:3      | Found a runed translucent gate.
  2156 | D:3      | Found a runed translucent gate.
  2156 | D:3      | Found a runed translucent gate.
  2157 | D:3      | Noticed hgbash's ghost (amateur GrEE)
  2444 | D:3      | Found a faded altar of an unknown god.
  2702 | D:3      | Identified a scroll of acquirement
  2702 | D:3      | Acquired 1016 gold pieces
  2769 | D:4      | Noticed an ogre
  2799 | D:4      | Killed an ogre
  2799 | D:4      | Slain by an iguana

Illustrated notes

Levels and vault maps discovered:
D:1:      dpeg_arrival_prison, layout_basic, serial_shops,
          nicolae_shop_real_fake_doors
D:2:      layout_basic, minmay_tromino_mix6
D:3:      layout_basic, grunt_dithmenos_smoke, nicolae_sif_muna_condensation,
          hellmonk_ecumenical_altar_slurped_away, ebering_ghost_rock_garden,
          serial_corexii_hall, corexii_hall_statues_u, corexii_hall_statues_x,
          minmay_starry_boxes
D:4:      layout_basic, gammafunk_ghost_nasty_kobolds

Skill      XL: |  1  2  3  4 |
---------------+-------------+-----
Stealth        | 6 7 |  7.1
Dodging        | 2 |  2.5
Short Blades   | 3 |  3.5
Fighting       | 2 |  2.1
Throwing       | |  2.6

Action                     |  1- 3 |  4- 6 || total
---------------------------+-------+-------++-------
  Melee: Dagger            |    99 |    85 ||   184
         Punch             |     1 |     2 ||     3
  Throw: Dart              |    12 |     3 ||    15
    Use: Potion            |     3 |     1 ||     4
         Scroll            |     3 |     6 ||     9
   Stab: Sleeping          |    11 |     7 ||    18
         Distracted        |       |     1 ||     1
 Armour: Robe              |    11 |     6 ||    17
  Dodge: Dodged            |    76 |    53 ||   129

Table legend: (Time is in decaauts)
 A = Elapsed time spent in this place.
 B = Non-inter-level travel time spent in this place.
 C = Inter-level travel time spent in this place.
 D = Time resting spent in this place.
 E = Time spent auto-exploring this place.
 F = Levels seen in this place.
 G = Mean time per level.
                   A        B        C        D        E       F      G
               +--------+--------+--------+--------+--------+-----+--------+
         Total |   1941 |   1894 |     47 |     79 |   1435 |   4 |  485.2 |
       Dungeon |   1941 |   1894 |     47 |     79 |   1435 |   4 |  485.2 |
               +--------+--------+--------+--------+--------+-----+--------+

Top non-repeatable levels by time:
     D:1: 731 daAuts
     D:2: 638 daAuts
     D:3: 516 daAuts
     D:4: 54 daAuts
